 Dungeon Crawl Stone Soup version 0.27-a0-1312-g5cdb2b3542 (webtiles) character file.

Game seed: 8934167753621369775

6 dickylongcocking the Gusty (level 1, -1/7 HPs)
             Began as a Felid Air Elementalist on June 21, 2021.
             Slain by Natasha (8 damage)
             ... on level 2 of the Dungeon.
             The game lasted 00:00:25 (831 turns).

dickylongcocking the Gusty (Felid Air Elementalist)  Turns: 831, Time: 00:00:25

Health: -1/7       AC:  1    Str:  4    XL:     1   Next: 75%
Magic:  4/4        EV: 17    Int: 16    God:
Gold:   32         SH:  0    Dex: 16    Spells: 3/4 levels left
                                        Lives:  0   Deaths: 0

rFire    . . .     SeeInvis +   (weapon unavailable)
rCold    . . .     Faith    .   (shield unavailable)
rNeg     . . .     Spirit   .   (armour unavailable)
rPois    .         Reflect  .   (helmet unavailable)
rElec    .         Harm     .   (cloak unavailable)
rCorr    .         Rampage  .   (gloves unavailable)
Will     .....                  (boots unavailable)
Stlth    ++........             (no amulet)
HPRegen  0.02/turn              (no ring)
MPRegen  0.09/turn              (no ring)

@: slowed, slow
A: very small, claws 1, fangs 3, see invisible, speed 1, shaggy fur 1, stealthy
paws, no weapons or thrown items, no armour, multi-lived
a: no special abilities


You were on level 2 of the Dungeon.
You visited 1 branch of the dungeon, and saw 2 of its levels.

You collected 32 gold pieces.

Inventory:

Scrolls
 b - a scroll of torment {unknown}
 c - 2 scrolls of noise {unknown}
Potions
 a - a potion of brilliance {unknown}
 d - a potion of curing {unknown}


   Skills:
 - Level 2.7 Dodging
 + Level 2.8 Stealth
 * Level 2.1 Spellcasting
 * Level 1.1 Conjurations
 * Level 2.8 Air Magic


You had 3 spell levels left.
You knew the following spells:

 Your Spells              Type           Power      Damage    Failure   Level
a - Shock                 Conj/Air       32%        1d5       9%          1

Your spell library contained the following spells:

 Spells                   Type           Power      Damage    Failure   Level
 Static Discharge         Conj/Air       8%         N/A       14%         2
 Swiftness                Air            10%        N/A       19%         3
 Airstrike                Air            5%         N/A       54%         4
 Lightning Bolt           Conj/Air       4%         1d15      94%         5


Dungeon Overview and Level Annotations

Branches:
Dungeon (2/15)

Altars:

Annotations:
D:2 Natasha


Innate Abilities, Weirdness & Mutations

You have sharp claws.
You have razor-sharp teeth.
You have supernaturally acute eyesight. (SInv)
You cover ground quickly. (Speed+)
You are covered in fur. (AC +1)
Your paws help you pounce on unaware monsters.
You are incapable of wielding weapons or throwing items.
You cannot wear armour.
You gain extra lives every three experience levels.


Message History

No target in view!
d - a viscous brown potion No target in view!
You enter the shallow water.
Moving in this stuff is going to be slow.
Partly explored, can't reach some places.
No target in view!
Partly explored, can't reach some places.
No target in view!
Partly explored, can't reach some places.
Partly explored, can't reach some places.
Partly explored, can't reach some places.
(D) Dungeon
Where to? (? - help)
You enter the shallow water.
Moving in this stuff is going to be slow.
There is a stone staircase leading down here.
You climb downwards.
A bat, an adder, a quokka and Natasha come into view.
Found 11 gold pieces and 2 fizzy red potions.
Found a stone staircase leading up.
There is a stone staircase leading up here.
There are monsters nearby!
There are monsters nearby!
There are monsters nearby!
You pounce on the unaware helpless quokka!
You scratch the quokka.
The quokka is heavily wounded.
The quokka misses you. The quokka barely misses you.
Natasha stares at you and mumbles some strange words.
You feel yourself slow down.
Unknown command.
Okay, then.
The adder hisses angrily.
A bat comes into view.
There is a stone staircase leading up here.
The quokka bites you but does no damage.
Natasha claws you!
Ouch! That really hurt!
You die...

##.......b<..#.
..........!.....
#.....S.....#.#
#.............
#..........
##.......##
#.........#
#....@r...#
#..$.h....#
#.........#
#.$.......#
##.......##
##.....##
#######


You could see Natasha, an adder, a quokka and a bat.

Vanquished Creatures
  2 bats (D:1)
  A giant cockroach (D:1)
  2 jackals (D:1)
5 creatures vanquished.

Notes
Turn   | Place    | Note
-------+----------+-------------------------------------------
     0 | D:1      | dickylongcocking the Felid Air Elementalist began the quest
                  | for the Orb.
     0 | D:1      | Reached XP level 1. HP: 7/7 MP: 4/4
   107 | D:1      | Reached skill level 1 in Conjurations
   209 | D:1      | Found a faded altar of an unknown god.
   825 | D:2      | Noticed Natasha
   831 | D:2      | Slain by Natasha

Illustrated notes

Levels and vault maps discovered:
D:1:      kilobyte_arrival_exit_the_forest, layout_basic,
          shapermc_ecumenical_altar_starsandcircs, minivault_4
D:2:      layout_rooms, minmay_heptomino_d4, uniq_natasha

Skill      XL: |  1 |
---------------+----+-----
Conjurations   | 1 |  1.1
Dodging        | |  2.7
Stealth        | |  2.8
Spellcasting   | |  2.1
Air Magic      | |  2.8

Action                   || total
-------------------------++-------
Melee: Unarmed           ||    17
       Bite              ||     2
 Cast: Shock             ||     4
 Stab: Sleeping          ||     2
Armor: Skin              ||     3
Dodge: Dodged            ||    15

Table legend: (Time is in decaauts)
 A = Elapsed time spent in this place.
 B = Non-inter-level travel time spent in this place.
 C = Inter-level travel time spent in this place.
 D = Time resting spent in this place.
 E = Time spent auto-exploring this place.
 F = Levels seen in this place.
 G = Mean time per level.
                   A        B        C        D        E       F      G
               +--------+--------+--------+--------+--------+-----+--------+
         Total |    705 |    673 |     32 |     32 |    589 |   2 |  352.5 |
       Dungeon |    705 |    673 |     32 |     32 |    589 |   2 |  352.5 |
               +--------+--------+--------+--------+--------+-----+--------+

Top non-repeatable levels by time:
     D:1: 699 daAuts
     D:2: 5 daAuts
